 Dungeon Crawl Stone Soup version 0.31.0-12-g77e489cdc1 (webtiles) character file.

Game seed: 7589569063913025720

1726 Cheops the Changeling (level 9, 0/58 HPs)
             Began as an Octopode Shapeshifter on Mar 6, 2024.
             Was a Follower of Wu Jian.
             Killed from afar by a white imp (7 damage)
             ... with a puff of frost
             ... on level 6 of the Dungeon.
             The game lasted 00:14:23 (5578 turns).

Cheops the Changeling (Octopode Shapeshifter)       Turns: 5578, Time: 00:14:23

Health: 0/58       AC:  1    Str: 17    XL:     9   Next: 4%
Magic:  7/13       EV: 22    Int: 12    God:    Wu Jian [*.....]
Gold:   264        SH:  0    Dex: 12    Spells: 8/14 levels left

rFire   . .          .
                       - Unarmed
rCold   . . .        (shield currently unavailable)
rNeg    . . .        (helmet restricted)
rPois   .            (no amulet)
rElec   .            d - ring of willpower
rCorr   +            h - ring of wizardry
SInv    .            l - ring of resist corrosion
Will    +....        o - +5 ring of evasion
Stlth   +            (no ring)
HPRegen 0.29/turn    (no ring)
MPRegen 0.13/turn    (no ring)
                     (no ring)

%: wizardry (x1)
@: about to teleport, flux-form, glowing
A: glow, contaminating, almost no armour, amphibious, 8 rings, camouflage 1,
gelatinous body 1, (nimble swimmer 1), tentacles
a: Begin Untransformation, Renounce Religion


You were on level 6 of the Dungeon.
You worshipped Wu Jian.
Wu Jian was aware of your devotion.
You were something dangerously unstable.
You visited 2 branches of the dungeon, and saw 7 of its levels.

You collected 264 gold pieces.

Inventory:

Magical Staves
 k - a staff of air
 n - a staff of earth
Jewellery
 d - a ring of willpower (left tentacle)
 h - a ring of wizardry (right tentacle)
 j - a ring of fire
 l - a ring of resist corrosion (on tentacle)
 o - a +5 ring of evasion (on tentacle)
Talismans
 b - a beast talisman
 c - a flux talisman (active)
Wands
 v - a wand of flame (9)
 w - a wand of charming (9)
Scrolls
 m - a scroll of silence
 r - a scroll of teleportation
 s - a scroll of enchant armour
 t - a scroll of immolation
 u - a scroll of vulnerability
 x - a scroll of amnesia
Potions
 a - a potion of lignification
 e - 2 potions of heal wounds {unknown}
 f - a potion of brilliance {unknown}
 i - 3 potions of degeneration {unknown}
 p - a potion of enlightenment {unknown}
 q - 2 potions of haste {unknown}
 z - a potion of berserk rage {unknown}


   Skills:
 - Level 4.0 Fighting
 - Level 2.0 Dodging
 - Level 5.0 Unarmed Combat
 - Level 3.0 Spellcasting
 + Level 1.9 Conjurations
 - Level 5.2 Ice Magic
 - Level 7.0 Shapeshifting


You had 8 spell levels left.
You knew the following spells:

 Your Spells              Type           Power      Damage    Failure   Level
h - Hailstorm             Conj/Ice       10%        3d6       7%          3
r - Frozen Ramparts       Ice            28%        1d5       3%          3

Your spell library contained the following spells:

 Spells                   Type           Power      Damage    Failure   Level
 Freeze                   Ice            56%        1d7       1%          1
 Sting                    Conj/Alch      16%        1d4       7%          1
 Apportation              Tloc           2%         N/A       10%         1
 Necrotise                Necr           4%         1d4       10%         1
 Summon Small Mammal      Summ           4%         N/A       10%         1
 Conjure Ball Lightning   Conj/Air       2%         3x3d6     100%        6
 Discord                  Hex            0%         N/A       100%        8
 Disjunction              Tloc           0%         N/A       100%        8


Dungeon Overview and Level Annotations

Branches:
Dungeon (6/15)             Temple (1/1) D:4

Altars:
Ashenzari
Cheibriados
Dithmenos
Elyvilon
Fedhas
Gozag
Hepliaklqana
Kikubaaqudgha
Makhleb
Nemelex Xobeh
Okawaru
Qazlal
Ru
Sif Muna
Trog
Uskayaw
Vehumet
Wu Jian
Xom
Yredelemnul
Zin
The Shining One

Shops:
D:1 *


Innate Abilities, Weirdness & Mutations

You are something dangerously unstable.
You glow with magical radiation, making you easy to see and hit.
Foes you strike become dangerously contaminated with magical radiation.
You are incapable of wielding weapons or throwing items.
You cannot wear most types of armour.
You are amphibious.
You can wear up to eight rings at the same time.
Your skin changes colour to match your surroundings (Stealth+).
Your rubbery body absorbs attacks. (AC +1, EV +1)
((You are camouflaged when in or above water. (Stealth+)))
You have tentacles for arms and can constrict up to eight enemies at once.


Message History

Your experience leads to an increase in your attributes!
Increase (S)trength, (I)ntelligence, or (D)exterity?
You feel stronger. x2
You tentacle-slap the ogre.
The ogre begins to glow.
You squeeze the ogre, but do no damage.
The ogre is moderately wounded.
The wall freezes the white imp but does no damage.
The white imp gestures at you. The puff of frost hits you!
* * * LOW HITPOINT WARNING * * *
Unknown command.
Unknown command.
Unknown command.
As you read the scroll labelled UBAEL LANYCOURPH, it crumbles to dust.
It is a scroll of enchant weapon.
You aren't carrying any weapons that can be enchanted.
The wall freezes the ogre.
The ogre misses you.
The white imp completely resists.
The wall freezes the white imp but does no damage.
The white imp gestures at you. The puff of frost misses you.
Unknown command.
Unknown command.
Unknown command.
Unknown command.
As you read the scroll labelled SIAMARHILE, it crumbles to dust.
You feel strangely unstable.
It was a scroll of teleportation.
The white imp completely resists.
The wall freezes the white imp but does no damage.
The white imp gestures at you. The puff of frost misses you.
You barely miss the white imp. You grab the white imp.
The white imp is lightly wounded.
You constrict the white imp.
The wall freezes the ogre.
The ogre misses you.
You barely miss the white imp.
The white imp is lightly wounded.
The frozen ramparts melt away.
You constrict the white imp. The white imp gestures at you.
The puff of frost hits you!
You die...

# #......._##._... ..#
### #.#.##...#### .# ###
..###)#.##.#######.#
#.#..))....#####...#
#.#.)##.##.._.##_..#####
#...###.##....##......).
#.#.# #.........)..#####
....# #####....#5###
...## #....#p# ##.#
#..<.O.# ##.# #....###
##.# #....# ##.####
#....# #.....# ######
#####.# ..# #.# #.# #.#
######


You could see an ogre (contam) and a white imp.

Vanquished Creatures
  A human (D:4)
  2 water moccasins (D:5)
  A sky beast (D:6)
  An orc warrior (D:6)
  An ice beast (D:6)
  2 ogres
  2 scorpions (D:5)
  4 bombardier beetles
  A hound (D:6)
  2 jellies (D:4)
  2 orc priests
  4 iguanas
  3 sleepcaps
  8 orc wizards
  6 gnolls
  10 adders
  2 shadow imps
  A white imp (D:5)
  2 ufetubi (D:5)
  A ribbon worm (D:2)
  2 dart slugs (D:1)
  19 orcs
  11 endoplasms
  3 giant cockroaches
  6 goblins
  6 hobgoblins
  6 jackals (D:2)
  8 quokkas
  5 ball pythons
  3 bats
  5 frilled lizards
  A goblin skeleton (D:4)
  4 kobolds
  5 rats
140 creatures vanquished.

Notes
Turn   | Place    | Note
-------+----------+-------------------------------------------
     0 | D:1      | Cheops the Octopode Shapeshifter began the quest for the
                  | Orb.
     0 | D:1      | Reached XP level 1. HP: 13/13 MP: 1/1
   107 | D:1      | Reached XP level 2. HP: 18/18 MP: 2/2
   590 | D:1      | Found Ixutixzi's Assorted Antiques.
   890 | D:1      | Reached XP level 3. HP: 23/23 MP: 3/3
  1251 | D:2      | Reached XP level 4. HP: 20/28 MP: 4/4
  1762 | D:3      | Reached skill level 5 in Unarmed Combat
  1768 | D:3      | Found a faded altar of an unknown god.
  1884 | D:3      | Reached skill level 4 in Shapeshifting
  1884 | D:3      | Reached XP level 5. HP: 16/33 MP: 5/5
  2042 | D:3      | Found a snail-covered altar of Cheibriados.
  2622 | D:4      | Reached XP level 6. HP: 33/38 MP: 6/6
  2676 | D:4      | Found a staircase to the Ecumenical Temple.
  2682 | D:4      | Reached skill level 5 in Shapeshifting
  2875 | D:4      | Found a runed translucent door.
  2875 | D:4      | Noticed a human
  2878 | D:4      | Found a basalt altar of Yredelemnul.
  2940 | D:4      | Killed a human
  3524 | Temple   | Entered the Ecumenical Temple
  3530 | Temple   | Became a worshipper of the Wu Jian Council
  3563 | D:5      | Entered Level 5 of the Dungeon
  3593 | D:5      | Reached skill level 6 in Shapeshifting
  3593 | D:5      | Reached XP level 7. HP: 34/43 MP: 7/7
  3887 | D:5      | Reached skill level 7 in Shapeshifting
  4364 | D:5      | Reached XP level 8. HP: 48/54 MP: 8/8
  4368 | D:5      | Learned a level 3 spell: Frozen Ramparts
  4372 | D:5      | Learned a level 3 spell: Hailstorm
  4767 | D:5      | Reached * piety under Wu Jian
  4773 | D:5      | Reached skill level 1 in Spellcasting
  4773 | D:5      | Reached skill level 1 in Ice Magic
  5242 | D:6      | Found a white marble altar of Elyvilon.
  5468 | D:6      | Reached skill level 5 in Ice Magic
  5545 | D:6      | Found a bloodstained altar of Trog.
  5549 | D:6      | Found a burning altar of Makhleb.
  5552 | D:6      | Found a radiant altar of Vehumet.
  5574 | D:6      | Reached skill level 1 in Conjurations
  5574 | D:6      | Reached XP level 9. HP: 16/58 MP: 6/13
  5578 | D:6      | Killed from afar by a white imp

Illustrated notes

Levels and vault maps discovered:
D:1:      tarquinn_simple_flora_water_c, layout_loops_corners, serial_shops,
          shop
D:2:      layout_loops_ring, st_stairs_10, minmay_tromino_v4_c
D:3:      layout_basic, amcnicky_altar_gilded, basic_ecumenical_altar,
          minmay_misc_feat_tiny, minivault_19, minmay_misc_feat_plants,
          serial_bayou_pond_b, minmay_misc_feat_chi, corner_web_ring,
          nicolae_kite_square_tiling_tiny, minmay_pentomino_pile
D:4:      layout_loops_ring, dk_yredelemnul_ordeal, minmay_temple_entry_tees,
          kennysheep_flooded_box, minmay_unequal
D:5:      kb_forest_paths, layout_basic, kennysheep_nondescript
D:6:      layout_basic, nicolae_overflow_macrodata_refinement
Temple:   compressed_dpeg_triangle_lava_temple

Skill      XL: |  1  2  3  4  5  6  7  8 |
---------------+-------------------------+-----
Unarmed Combat | 4 5 |  5.0
Shapeshifting  | 4 6 7 |  7.0
Fighting       | 3 4 |  4.0
Spellcasting   | 3 |  3.0
Ice Magic      | 5 |  5.2
Conjurations   | 1 |  1.9
Dodging        | |  2.0

Action                     |  1- 3 |  4- 6 |  7- 9 || total
---------------------------+-------+-------+-------++-------
  Melee: Unarmed           |    56 |   119 |   134 ||   309
         Tentacles         |    18 |    21 |    38 ||    77
         Constrict         |    14 |    29 |    39 ||    82
         Punch             |     2 |     6 |     4 ||    12
   Cast: Frozen Ramparts   |       |       |     4 ||     4
         Hailstorm         |       |       |     1 ||     1
Ability: Begin Untransform |     1 |       |     1 ||     2
         Lunge             |       |       |    11 ||    11
    Use: Scroll            |       |     3 |     4 ||     7
   Stab: Sleeping          |     4 |     4 |     3 ||    11
 Armour: Skin              |    11 |    29 |    38 ||    78
  Dodge: Dodged            |    18 |    67 |    86 ||   171
   Form: Beast             |     1 |       |       ||     1
         Flux              |       |       |     1 ||     1
